 Dungeon Crawl Stone Soup version 0.18-a0-1589-g520a787 (webtiles) character file.

985 Oddball22 the Skirmisher (level 7, 0/62 HPs)
             Began as a Demigod Hunter on Mar 19, 2016.
             Slain by a centaur (8 damage)
             ... on level 4 of the Dungeon.
             The game lasted 00:12:43 (5105 turns).

Oddball22 the Skirmisher (Demigod Hunter)           Turns: 5105, Time: 00:12:43

Health: 0/62       AC:  6    Str: 18    XL:     7   Next: 65%
Magic:  9/9        EV: 14    Int: 15    God:
Gold:   244        SH:  5    Dex: 20    Spells: 0 memorised, 6 levels left

rFire  . . .     SeeInvis .     B - +0 war axe
rCold  . . .     Gourm    .     c - +0 leather armour
rNeg   . . .     Faith    .     q - +0 buckler
rPois  .         Spirit   .     E - +0 helmet (curse)
rElec  .         Dismiss  .     k - +0 cloak
rCorr  .         Reflect  .     (no gloves)
SustAt +         Harm     .     y - +0 pair of boots
MR     .....                    (no amulet)
Stlth  ++........               (no ring)
                                A - +3 ring of strength

@: not resistant to hostile enchantments, unstealthy
A: high mp 1, sustain attributes
a: no special abilities


You were on level 4 of the Dungeon.
You were not hungry.

You visited 1 branch of the dungeon, and saw 4 of its levels.

You collected 244 gold pieces.

Inventory:

Hand Weapons
 a - a +1 hand crossbow
 b - a +0 short sword
 i - a +4 quarterstaff of chaos
 B - a +0 war axe (weapon)
Missiles
 d - 12 bolts
 x - a throwing net (quivered)
Armour
 c - a +0 leather armour (worn)
 k - a +0 cloak (worn)
 q - a +0 buckler (worn)
 y - a +0 pair of boots (worn)
 E - a cursed +0 helmet (worn)
Magical Staves
 G - an uncursed staff of wizardry {unknown}
Jewellery
 A - a +3 ring of strength (left hand)
Wands
 w - a wand of slowing (25/48)
Scrolls
 e - 4 scrolls of identify {unknown}
 g - a scroll of teleportation {unknown}
 j - 3 scrolls of remove curse {unknown}
 m - a scroll of amnesia {unknown}
 o - a scroll of recharging {unknown}
 p - 2 scrolls of random uselessness {unknown}
 t - 2 scrolls of noise {unknown}
 u - 2 scrolls of immolation {unknown}
 z - a scroll of enchant weapon {unknown}
Potions
 r - a potion of magic {unknown}
 s - a potion of flight {unknown}
 v - a potion of curing {unknown}
 C - 2 potions of mutation {unknown}
 F - a potion of heal wounds {unknown}
Comestibles
 f - 4 bread rations
 h - a slice of pizza
 l - a beef jerky
 n - a meat ration
 D - 4 fruits


   Skills:
 * Level 5.7 Fighting
 + Level 5.2 Crossbows
 + Level 4.0 Dodging
 - Level 0.8 Stealth
 + Level 3.1 Shields


You had 6 spell levels left.
You didn't know any spells.

Dungeon Overview and Level Annotations

Branches:
Dungeon (4/15)
 Temple: D:4-7

Shops:
D:4 [


Innate Abilities, Weirdness & Mutations

You have an increased reservoir of magic (+10% MP).
Your attributes are resistant to harm.


Message History

* * * LOW HITPOINT WARNING * * *
You hit the centaur but do no damage.
The centaur is heavily wounded.
The centaur closely misses you.
The centaur hits you but does no damage.
You barely miss the centaur.
The centaur is heavily wounded.
You block the centaur's attack. The centaur hits you.
* * * LOW HITPOINT WARNING * * *
You hit the centaur but do no damage.
The centaur is heavily wounded.
The centaur misses you. The centaur barely misses you. The centaur hits you.
* * * LOW HITPOINT WARNING * * *
You hit the centaur.
The centaur is heavily wounded.
The centaur closely misses you. The centaur barely misses you.
You completely miss the centaur.
The centaur is heavily wounded.
You block the centaur's attack. The centaur hits you!
You die...

###....>..######..
#.................
#(#...............
#.##.#######.##...
#.##.#######.##..#
#.##....#....##.##
#.#####.#.########
#c# #.#.########
#@#####.#.##....##
#.(..##.#.##.##.#.
#.##.##.#.##.##...
#.##....#....##...
#.#############...
#.##....#....##...
#.##[##.#.##.##..#
#....##.#.##....#.
#.#####.#.#######.


You could see a centaur.

Vanquished Creatures
  The ghost of namelastname112 the Skirmisher, an amateur DrWn (D:3)
  Duvessa (D:4)
  A black bear (D:4)
  Dowan (D:4)
  A howler monkey (D:4)
  An orc priest (D:3)
  2 orc wizards (D:3)
  Crazy Yiuf (D:2)
  3 centaur skeletons (D:4)
  A worker ant (D:4)
  Natasha (D:4)
  Robin (D:4)
  4 gnolls (D:3)
  7 adders
  An adder zombie (D:3)
  A worm (D:2)
  3 dart slugs
  3 giant geckos
  5 orcs
  5 giant cockroaches
  14 goblins
  14 hobgoblins
  8 jackals
  6 kobolds
  2 quokkas
  9 bats
  4 giant newts
  7 rats
108 creatures vanquished.

Vanquished Creatures (others)
  A plant (D:3)
1 creature vanquished.

Grand Total: 109 creatures vanquished

Notes
Turn   | Place    | Note
--------------------------------------------------------------
     0 | D:1      | Oddball22 the Demigod Hunter began the quest for the Orb.
     0 | D:1      | Reached XP level 1. HP: 17/17 MP: 3/3
   510 | D:1      | Reached XP level 2. HP: 24/24 MP: 4/4
  1662 | D:2      | Reached XP level 3. HP: 30/30 MP: 5/5
  1997 | D:2      | Noticed Crazy Yiuf
  2000 | D:2      | Killed Crazy Yiuf
  2131 | D:2      | Found a sacrificial altar of Ru.
  2168 | D:3      | Reached XP level 4. HP: 37/37 MP: 6/6
  2195 | D:3      | Found a snail-covered altar of Cheibriados.
  2388 | D:3      | Reached skill level 1 in Shields
  2413 | D:3      | Reached XP level 5. HP: 13/45 MP: 7/7
  3407 | D:3      | Noticed namelastname112's ghost (amateur DrWn)
  3798 | D:3      | Killed namelastname112's ghost
  3798 | D:3      | Reached XP level 6. HP: 18/53 MP: 8/8
  4091 | D:4      | Noticed Dowan
  4093 | D:4      | Noticed Duvessa
  4113 | D:4      | Killed Duvessa
  4113 | D:4      | Reached skill level 5 in Fighting
  4113 | D:4      | Reached XP level 7. HP: 22/61 MP: 9/9
  4139 | D:4      | Killed Dowan
  4139 | D:4      | Reached skill level 5 in Crossbows
  4528 | D:4      | Noticed Natasha
  4530 | D:4      | Noticed Robin
  4531 | D:4      | Killed Natasha
  4573 | D:4      | Killed Robin
  4617 | D:4      | Found an ancient bone altar of Kikubaaqudgha.
  4760 | D:4      | Found Afaezumo's Antique Armour Shop.
  5105 | D:4      | Slain by a centaur

Vault maps used:
D:1:      dpeg_arrival_court
D:2:      first_bread, minivault_25, nicolae_ru_path_of_blood,
          uniq_crazy_yiuf_cottage
D:3:      cheibriados_altar_wand_db, kennysheep_boxes
D:4:      kiku_gazebo_garden_becter, serial_shops, shop,
          serial_co_window_serial, co_window_corner_a, co_window_paths_b,
          co_window_of_opportunity_a, co_window_corner_a, co_window_paths_b,
          co_window_corner_a, co_window_paths_a, co_window_2corner,
          co_window_corner_b, co_window_broadway_a, co_window_cross_2,
          co_window_unsneaky_path_a, co_window_4corner_a, co_window_paths_d,
          glass_columns_a, glass_columns_b, glass_columns_b, glass_columns_b,
          glass_columns_a, uniq_duvessa, uniq_natasha, uniq_robin

Skill      XL: |  1  2  3  4  5  6  7 |
---------------+----------------------+-----
Fighting       | 2 3 4 5 |  5.7
Dodging        | 2 3 4 |  4.0
Crossbows      | 4 5 |  5.2
Shields        | 1 2 3 |  3.1
Stealth        | |  0.8

Action                   |  1- 3 |  4- 6 |  7- 9 || total
-------------------------+-------+-------+-------++-------
Melee: Short sword       |   151 |    89 |     2 ||   242
       War axe           |       |    75 |    99 ||   174
 Fire: Hand crossbow     |     2 |    46 |     3 ||    51
Throw: Throwing net      |       |     3 |       ||     3
Evoke: Wand              |       |     3 |       ||     3
  Use: Potion            |     1 |     2 |       ||     3
 Stab: Sleeping          |     1 |     2 |     2 ||     5
  Eat: Chunk             |     4 |     7 |     3 ||    14
